 Dungeon Crawl Stone Soup version 0.23-a0-451-g1044d4c (webtiles) character file.

54 qvsushi the Shield-Bearer (level 3, 0/23 HPs)
             Began as a Gargoyle Fighter on Nov 23, 2018.
             Slain by a gnoll sergeant
             ... wielding a +3 vampiric spear
              (11 damage)
             ... on level 2 of the Dungeon.
             The game lasted 00:03:15 (857 turns).

qvsushi the Shield-Bearer (Gargoyle Fighter)         Turns: 857, Time: 00:03:15

Health: 0/23       AC: 11    Str: 20    XL:     3   Next: 91%
Magic:  3/3        EV:  7    Int:  8    God:
Gold:   58         SH:  9    Dex:  9    Spells: 2/2 levels left

rFire    . . .     SeeInvis .   a - +0 flail
rCold    . . .     Gourm    .   c - +0 shield
rNeg     + . .     Faith    .   b - +0 scale mail
rPois    ∞         Spirit   .   j - +0 helmet (curse)
rElec    +         Reflect  .   (no cloak)
rCorr    .         Harm     .   (no gloves)
MR       .....                  (no boots)
Stlth    ..........             (no amulet)
HPRegen  0.07/turn              (no ring)
MPRegen  0.08/turn              (no ring)

@: no status effects
A: negative energy resistance 1, electricity resistance, unbreathing,
petrification resistance, rot immunity, AC +3
a: no special abilities


You were on level 2 of the Dungeon.
You were not hungry.

You visited 1 branch of the dungeon, and saw 2 of its levels.

You collected 58 gold pieces.

Inventory:

Hand Weapons
 a - a +0 flail (weapon)
Armour
 b - a +0 scale mail (worn)
 c - a +0 shield (worn)
 j - a cursed +0 helmet (worn)
Scrolls
 e - 2 scrolls of identify {unknown}
Potions
 d - a potion of might
 g - a potion of brilliance {unknown}
 h - a potion of resistance {unknown}
 k - 2 potions of heal wounds {unknown}
Comestibles
 f - 5 rations
 i - 5 chunks of flesh


   Skills:
 + Level 3.4 Fighting
 + Level 2.3 Maces & Flails
 + Level 3.8 Armour
 + Level 0.8 Dodging
 + Level 4.1 Shields


You had 2 spell levels left.
You didn't know any spells.
Your spell library was empty.

Dungeon Overview and Level Annotations

Branches:
Dungeon (2/15)

Altars:


Innate Abilities, Weirdness & Mutations

You are resistant to torment.
Your stone body is resilient. (AC +3)
You are immune to poison.
You resist negative energy. (rN+)
You are resistant to electric shocks. (rElec)
You can survive without breathing.
You are immune to petrification.
You are immune to rotting.


Message History

The gnoll is moderately wounded.
The gnoll hits you but does no damage.
You sock the gnoll!
You kill the gnoll!
The gnoll sergeant hits you from afar with a +3 vampiric spear.
The gnoll sergeant hits you with a +3 vampiric spear.
You block the gnoll's attack.
Things that are here:
a +0 flail; a gnoll corpse x2
You hit the gnoll sergeant but do no damage.
The gnoll sergeant hits you but does no damage.
You block the gnoll's attack.
You closely miss the gnoll sergeant. You block the gnoll sergeant's attack.
The gnoll barely misses you.
You hit the gnoll sergeant but do no damage.
You block the gnoll sergeant's attack. The gnoll barely misses you.
The gnoll sergeant hits you with a +3 vampiric spear!
You hit the gnoll sergeant but do no damage.
The gnoll sergeant hits you with a +3 vampiric spear!
You die... ##. ## .. .# #.# .# #.. .## ..#.. .gg

#g# #@# #.# ##+# #.#
##...# #.# ##.....##
##.# ##.......## ##..#
.[........####...####
#.#.#.#...'÷..........
.#.#.#.#..####....####


You could see a gnoll sergeant and 2 gnolls.

Vanquished Creatures
  2 gnolls (D:2)
  4 bats
  2 giant cockroaches (D:1)
  4 goblins
  4 hobgoblins (D:1)
  4 jackals (D:2)
  3 ball pythons
  5 frilled lizards
  6 rats (D:1)
34 creatures vanquished.

Notes
Turn   | Place    | Note
-------+----------+-------------------------------------------
     0 | D:1      | qvsushi the Gargoyle Fighter began the quest for the Orb.
     0 | D:1      | Reached XP level 1. HP: 14/14 MP: 1/1
   107 | D:1      | Reached XP level 2. HP: 14/19 MP: 2/2
   596 | D:2      | Reached XP level 3. HP: 15/23 MP: 3/3
   846 | D:2      | Noticed a gnoll sergeant
   849 | D:2      | Reached skill level 4 in Shields
   857 | D:2      | Slain by a gnoll sergeant

Vault maps used:
D:1:      wander_arrival_chamber
D:2:      minivault_23

Skill      XL: |  1  2  3 |
---------------+----------+-----
Shields        | 4 |  4.1
Fighting       | |  3.4
Maces & Flails | |  2.3
Armour         | |  3.8
Dodging        | |  0.8

Action                   || total
-------------------------++-------
Melee: Flail             ||   122
Armor: Scale mail        ||    72
Dodge: Dodged            ||    44
Block: Shield            ||    85

Table legend:
 A = Non-vault XP
 B = Vault XP
 C = Vault XP percentage of total XP
 D = Non-vault monster count
 E = Vault monster count
 F = Vault count percentage of total count
                 A         B        C        D         E       F
            +---------+---------+-------+---------+---------+-------
      Total |      78 |       0 |   0.0 |      34 |       0 |   0.0
            +---------+---------+-------+---------+---------+-------
        D:1 |      33 |       0 |   0.0 |      22 |       0 |   0.0
        D:2 |      45 |       0 |   0.0 |      12 |       0 |   0.0
            +---------+---------+-------+---------+---------+-------
